 Dungeon Crawl Stone Soup version 0.24.0-123-gd5b16e6ec5 (webtiles) character file.

Game seed: 1025989337310648867, levelgen mode: deterministic

106533 Mesmaeker13 the Nimble (level 16, -5/112 HPs)
             Began as a Halfling Hunter on Jan 21, 2020.
             Was the Champion of Elyvilon.
             Killed from afar by an orc sorcerer (19 damage)
             ... with a bolt of negative energy
             ... while paralysed by an orc sorcerer
             ... on level 2 of the Orcish Mines on Jan 22, 2020.
             The game lasted 01:44:27 (46875 turns).

Mesmaeker13 the Nimble (Halfling Hunter)           Turns: 46875, Time: 01:44:28

Health: -5/112     AC:  9    Str: 13    XL:     16   Next: 99%
Magic:  23/23      EV:  3    Int: 11    God:    Elyvilon [******]
Gold:   2723       SH:  0    Dex: 20    Spells: 10/15 levels left

rFire    + . .     SeeInvis .   s - +7 scimitar (flame)
rCold    + + .     Gourm    +   H - +0 buckler
rNeg     . . .     Faith    .   A - +2 robe {MR+}
rPois    .         Spirit   .   J - +0 helmet
rElec    .         Reflect  .   U - scarf {rC+ rF+}
rCorr    +         Harm     .   L - +2 pair of gloves
MR       ++...                  b - +0 pair of boots
Stlth    ++........             r - amulet of the gourmand
HPRegen  0.28/turn              B - ring "Muybusan" {+Fly rC+ Slay+3}
MPRegen  0.18/turn              c - ring of resist corrosion

@: paralysed, drained
A: small, mutation resistance 1
a: Lesser Healing, Heal Other, Purification, Greater Healing, Divine Vigour,
Divine Protection, Renounce Religion, Evoke Flight


You were on level 2 of the Orcish Mines.
You worshipped Elyvilon.
Elyvilon was exalted by your worship.
You were very full.

You visited 3 branches of the dungeon, and saw 23 of its levels.
You also visited: Ossuary.

You collected 2919 gold pieces.
You spent 196 gold pieces at shops.

Inventory:

Hand Weapons
 a - a +6 hunting sling of freezing
 s - a +7 scimitar of flaming (weapon)
 K - a +2 dagger of flaming
Missiles
 g - 123 stones
 C - 80 poisoned darts
 F - 14 sling bullets
 Y - 3 curare-tipped darts (quivered)
Armour
 b - a +0 pair of boots (worn)
 A - a +2 robe of magic resistance (worn)
 H - a +0 buckler (worn)
 J - a +0 helmet (worn)
 L - a +2 pair of gloves (worn)
 M - the +0 robe of Apathy {rCorr Dex+5 SInv Stlth+}
   (You found it on level 14 of the Dungeon)

   It affects your dexterity (+5).
   It lets you see invisible.
   It provides partial protection from all sources of acid and corrosion.
   It makes you more stealthy.
 U - a scarf of resistance (worn)
Jewellery
 c - a ring of resist corrosion (right hand)
 r - an amulet of the gourmand (around neck)
 t - an uncursed amulet of regeneration {unknown}
 w - an uncursed ring of poison resistance
 B - the ring "Muybusan" (left hand) {+Fly rC+ Slay+3}
   (You found it on level 15 of the Dungeon)

   [ring of flight]

   It affects your accuracy and damage with ranged weapons and melee attacks
   (+3).
   It protects you from cold.
   It lets you fly.
Wands
 e - a wand of flame (22)
 Q - a wand of acid (7)
 X - a wand of digging (8)
Scrolls
 d - a scroll of enchant armour
 h - 10 scrolls of remove curse
 j - 4 scrolls of fear {unknown}
 k - 5 scrolls of magic mapping
 o - 9 scrolls of teleportation
 y - a scroll of vulnerability {unknown}
 G - 2 scrolls of noise
 I - a scroll of fog
 P - 2 scrolls of silence {unknown}
 S - 3 scrolls of blinking
 T - 2 scrolls of summoning
 W - a scroll of torment {unknown}
 Z - 3 scrolls of brand weapon {unknown}
Potions
 i - 2 potions of lignification {unknown}
 l - a potion of resistance
 m - 2 potions of might
 n - 3 potions of brilliance
 p - 3 potions of haste
 q - 5 potions of flight
 u - 2 potions of ambrosia {unknown}
 x - 4 potions of curing
 z - 2 potions of heal wounds
 D - 3 potions of magic {unknown}
 E - 2 potions of mutation {unknown}
 N - a potion of agility
Miscellaneous
 R - a sack of spiders
Comestibles
 f - 24 rations


   Skills:
 - Level 11.0(9.6) Fighting
 - Level 9.8(12.1) Short Blades
 + Level 13.0(12.3) Long Blades
 - Level 12.1(10.7) Slings
 - Level 14.4(13.0) Dodging
 - Level 1.1(0.0) Stealth
 - Level 6.0(4.8) Shields
 + Level 5.5(4.3) Hexes
 - Level 6.2(5.0) Charms
 - Level 6.0(4.8) Translocations
 - Level 10.0(8.7) Invocations
 - Level 5.0(3.8) Evocations


You had 10 spell levels left.
You knew the following spells:

 Your Spells              Type           Power        Failure   Level  Hunger
a - Shroud of Golubria    Chrm/Tloc      ##....       8%          2    ###....
b - Spectral Weapon       Hex/Chrm       ##......     17%         3    ####...

Your spell library contained the following spells:

 Spells                   Type           Power        Failure   Level  Hunger
 Infusion                 Chrm           ##..         4%          1    ##.....
 Confusing Touch          Hex            #.....       6%          1    ##.....
 Song of Slaying          Chrm           ##......     7%          2    ###....
 Gell's Gravitas          Tloc           ##........   16%         3    ####...
 Confuse                  Hex            #.......     19%         3    ####...
 Beastly Appendage        Tmut           #.....       36%         1    ##.....
 Regeneration             Chrm/Necr      #.........   38%         3    ####...
 Sticks to Snakes         Tmut           #.......     50%         2    ###....
 Cause Fear               Hex            #.........   54%         4    #####..
 Spider Form              Tmut/Pois      #.........   75%         3    ####...
 Ice Form                 Ice/Tmut       #.......     98%         4    #####..
 Petrify                  Tmut/Erth      #.......     98%         4    #####..
 Iskenderun's Battlesphe  Conj/Chrm      #.......     98%         5    ######.
 Metabolic Englaciation   Hex/Ice        #.........   99%         5    ######.
 Silence                  Hex/Air        #.........   99%         5    ######.
 Yara's Violent Unravell  Hex/Tmut       #.........   99%         5    ######.
 Blade Hands              Tmut           #.........   100%        5    ######.
 Bolt of Magma            Conj/Fire/Erth #.........   100%        5    ######.
 Venom Bolt               Conj/Pois      #.........   100%        5    ######.
 Deflect Missiles         Chrm/Air       #.........   100%        6    #######
 Iron Shot                Conj/Erth      #.........   100%        6    #######
 Orb of Destruction       Conj           #.........   100%        7    #######
 Spellforged Servitor     Conj/Summ      #.........   100%        7    #######
 Discord                  Hex            #.........   100%        8    #######


Dungeon Overview and Level Annotations

Branches:
Dungeon (15/15)            Temple (0/1) D:4            Lair (6/6) D:10
 Shoals (0/4) Lair:3       Spider (0/4) Lair:2        Slime (0/5) Lair:6
    Orc (2/2) D:11            Elf (0/3) Orc:2        Vaults (0/5) D:13
 Depths (0/5) D:15        Ossuary (visited)

Altars:
Elyvilon
Fedhas
Okawaru
Sif Muna
Xom
The Shining One
Beogh
Jiyva

Shops:
D:5 }=!(   Orc:1 ?   Orc:2 *?%

Annotations:
D:9 Erolcha
Lair:2 1 runed translucent door, Suk Xiy's ghost, journeyman DrTm
Lair:4 leeel's ghost, journeyman DsGl
Lair:5 2 transporters, Seryem5's ghost, journeyman GnWz
Lair:6 1 runed translucent door
Orc:2 2 exclusions


Innate Abilities, Weirdness & Mutations

You are small and have problems with some larger weapons.
You are somewhat resistant to further mutation.


Message History

The bolt of fire misses you. The orc knight closely misses you.
The orc sorcerer points at you and mumbles some strange words.
You suddenly lose the ability to move!
The orc knight hits you with a +0 dire flail.
The orc sorcerer casts a spell at you. The bolt of negative energy hits you!!
You feel drained.
The orc knight hits you with a +0 dire flail!! x2
* * * LOW HITPOINT WARNING * * *
The orc sorcerer hits you but does no damage.
The orc knight hits you with a +0 dire flail!
* * * LOW HITPOINT WARNING * * *
The orc sorcerer hits you with a +0 dagger.
* * * LOW HITPOINT WARNING * * *
The orc knight hits you with a +0 dire flail.
* * * LOW HITPOINT WARNING * * *
The orc sorcerer no longer looks unusually strong.
The orc sorcerer points at you and mumbles some strange words.
The bolt of negative energy hits you!!
You feel drained.
You die...

..###.#.# ..# ##....#...##
.###...o...# ##...).#.∩##
###.....#.## ##))#.....#
.###..(....# ##.....#.∩##
..###.#o## ##....#...##
...###...## ##...#....##
....###...## ##.)...)..##
.....###..o## ##o..###).####
......###...###o@.###..###.#
.......###...#)).###..###.######
........###.#)#.###..###..#.##.##
.........###(..###..###.........#
..........###.###[[###....#.##.##
...........#####..#####....#####
............###)[###..###...##
.............#.[[##..........####
.............[)[)...........###.#


You could see an orc knight and an orc sorcerer.

Vanquished Creatures
  Rupert (D:15)
  A sphinx (D:13)
  The ghost of Afeceab the Eclecticist, an adept DEFE of Vehumet (D:15)
  A stone giant (Orc:2)
  A vampire knight (D:13)
  Azrael (D:13)
  An ettin (D:15)
  An ogre mage (D:15)
  4 vault guards (D:12)
  Harold (D:8)
  A yaktaur captain (D:15)
  8 hydras
  Erica (D:9)
  2 centaur warriors
  6 two-headed ogres
  A deep troll earth mage (D:15)
  15 death yaks
  4 orc high priests
  8 hell knights
  A deep elf knight (D:15)
  A fire crab (Lair:6)
  4 unseen horrors
  4 skeletal warriors (D:12)
  A phantasmal warrior (D:13)
  4 orc knights
  2 oklob plants (Lair:2)
  An ugly thing (D:11)
  6 orc sorcerers
  3 cyclopes
  A manticore (D:11)
  4 torpor snails (Lair:6)
  2 gargoyles (D:13)
  6 black mambas
  Psyche (D:10)
  10 spiny frogs
  2 smoke demons (Orc:2)
  2 yaktaurs
  A spiny frog (shapeshifter) (D:15)
  A kobold demonologist (D:11)
  4 komodo dragons
  A rime drake (Lair:3)
  A hellwing (Orc:2)
  An ice devil (Orc:2)
  8 trolls
  9 polar bears (Lair:6)
  4 tyrant leeches (Lair:6)
  5 hornets
  3 hippogriffs
  12 blink frogs
  3 raiju (Lair:6)
  A hippogriff (shapeshifter) (D:15)
  2 shadows
  A vampire (D:12)
  3 wraiths
  A water elemental (D:13)
  A centaur simulacrum (D:15)
  4 wyverns
  2 basilisks
  3 fire elementals (D:13)
  Eustachio (D:6)
  31 yaks
  2 chaos spawn (Orc:2)
  3 hungry ghosts (D:11)
  8 wargs
  A vampire mosquito (D:13)
  A soldier ant (shapeshifter) (D:13)
  20 water moccasins
  25 hell hounds
  A floating eye (shapeshifter) (D:15)
  14 porcupines
  39 orc warriors
  2 hornet zombies
  5 sky beasts
  3 ice beasts
  2 eyes of draining (D:13)
  15 black bears
  3 phantoms
  13 ogres
  35 wolves
  10 crocodiles
  9 centaurs
  A big kobold (D:8)
  16 bullfrogs
  A wyvern zombie (D:8)
  A wyvern skeleton (D:9)
  4 scorpions
  6 killer bees
  26 wights
  3 electric eels (D:13)
  2 howler monkeys
  9 crimson imps
  A bullfrog zombie (D:7)
  2 centaur zombies
  7 hounds
  9 jellies
  27 orc wizards
  Crazy Yiuf (D:4)
  33 orc priests
  3 bullfrog skeletons
  3 centaur skeletons
  Jessica (D:3)
  An iguana (D:7)
  4 hell rats (Lair:4)
  9 worker ants
  6 ogre zombies (D:11)
  A big kobold zombie (Ossuary)
  5 mummies (Ossuary)
  2 worker ant zombies
  A howler monkey skeleton (D:7)
  5 gnolls
  17 adders
  A river rat (D:4)
  A shadow imp (D:15)
  9 oozes
  An adder skeleton (D:6)
  5 worms
  A dart slug (D:1)
  9 leopard geckos
  100 orcs
  2 ball pythons
  8 giant cockroaches
  8 goblins
  10 hobgoblins
  15 jackals
  15 kobolds
  2 quokkas
  8 bats
  4 frilled lizards
  A goblin skeleton (D:11)
  2 goblin zombies (D:11)
  3 hobgoblin skeletons (D:11)
  8 hobgoblin zombies
  A jackal skeleton (D:4)
  A leopard gecko skeleton (D:4)
  2 orc skeletons (D:11)
  6 orc zombies (D:11)
  A quokka skeleton (D:4)
  9 rats
  2 plants
870 creatures vanquished.

Vanquished Creatures (collateral kills)
  A manticore (D:15)
  A torpor snail (Lair:6)
  2 hornets (Lair:6)
4 creatures vanquished.

Vanquished Creatures (others)
  A lindwurm (Lair:6)
  2 hornets (Lair:6)
  A hell hound (D:13)
  4 ball lightnings (D:15)
  An orc (D:13)
  36 fungi
  19 plants
64 creatures vanquished.

Grand Total: 938 creatures vanquished

Notes
Turn   | Place    | Note
-------+----------+-------------------------------------------
     0 | D:1      | Mesmaeker13 the Halfling Hunter began the quest for the
                  | Orb.
     0 | D:1      | Reached XP level 1. HP: 14/14 MP: 1/1
   173 | D:1      | Reached XP level 2. HP: 14/19 MP: 2/2
   502 | D:1      | Reached XP level 3. HP: 24/24 MP: 3/3
  1709 | D:2      | Reached XP level 4. HP: 30/30 MP: 4/4
  1902 | D:2      | Found a sparkling altar of Nemelex Xobeh.
  1904 | D:2      | Found a shimmering altar of Xom.
  1904 | D:2      | Found a burning altar of Makhleb.
  1906 | D:2      | Found a shimmering altar of Xom.
  1906 | D:2      | Found a basalt altar of Yredelemnul.
  1906 | D:2      | Found a glowing silver altar of Zin.
  2031 | D:2      | Reached skill level 1 in Short Blades
  2031 | D:2      | Reached skill level 3 in Dodging
  2977 | D:3      | Reached XP level 5. HP: 31/36 MP: 5/5
  3815 | D:3      | Noticed Jessica
  3820 | D:3      | Killed Jessica
  3856 | D:3      | Reached XP level 6. HP: 42/42 MP: 6/6
  4275 | D:4      | Found a staircase to the Ecumenical Temple.
  4372 | D:4      | Noticed an ogre
  4385 | D:4      | Killed an ogre
  4385 | D:4      | Reached skill level 4 in Dodging
  4437 | D:4      | Noticed an ogre
  4451 | D:4      | Reached XP level 7. HP: 46/46 MP: 7/7
  4939 | D:4      | Reached skill level 5 in Dodging
  4939 | D:4      | Reached XP level 8. HP: 54/54 MP: 8/8
  5164 | D:4      | Found a runed translucent door.
  5165 | D:4      | Noticed Crazy Yiuf
  5621 | D:4      | Killed Crazy Yiuf
  5764 | D:5      | Entered Level 5 of the Dungeon
  6005 | D:5      | Found a sand-covered staircase.
  6010 | Ossuary  | Entered an ossuary
  6033 | Ossuary  | Reached skill level 5 in Short Blades
  6552 | D:5      | Found Bisme Wudgh's Jewellery Emporium.
  6615 | D:5      | Found Zosudopy's Distillery.
  6690 | D:5      | Found Xalixziph's Gadget Boutique.
  6761 | D:5      | Reached skill level 5 in Fighting
  6884 | D:5      | Found a glowing golden altar of the Shining One.
  7147 | D:5      | Reached skill level 6 in Dodging
  7281 | D:5      | Found Rumnaunki's Antique Weapon Boutique.
  7289 | D:5      | Bought a glowing hunting sling for 76 gold pieces
  7430 | D:6      | Reached XP level 9. HP: 61/61 MP: 9/9
  7875 | D:6      | Reached skill level 10 in Slings
  8494 | D:6      | Noticed Eustachio
  8505 | D:6      | Killed Eustachio
  8667 | D:6      | Noticed a slime creature
  9211 | D:6      | Reached skill level 7 in Dodging
 11637 | D:7      | Reached XP level 10. HP: 64/68 MP: 10/10
 11685 | D:6      | HP: 2/68 [killer bee (8)]
 12623 | D:7      | Found a white marble altar of Elyvilon.
 12627 | D:7      | Became a worshipper of Elyvilon the Healer
 12633 | D:7      | Found a shimmering blue altar of Sif Muna.
 12636 | D:7      | Found a shimmering altar of Xom.
 12639 | D:7      | Found an iron altar of Okawaru.
 12869 | D:8      | Noticed Harold
 13248 | D:8      | Killed Harold
 13248 | D:8      | Reached skill level 8 in Dodging
 14024 | D:8      | Noticed a two-headed ogre
 14036 | D:8      | Killed a two-headed ogre
 14149 | D:8      | Found a blossoming altar of Fedhas.
 14394 | D:8      | Reached * piety under Elyvilon
 14614 | D:9      | Noticed Erica
 14636 | D:9      | Killed Erica
 14636 | D:9      | Reached skill level 9 in Dodging
 14636 | D:9      | Reached XP level 11. HP: 55/76 MP: 11/11
 14917 | D:9      | Reached skill level 1 in Long Blades
 14917 | D:9      | Reached skill level 1 in Evocations
 15137 | D:9      | Noticed Erolcha
 15757 | D:10     | Entered Level 10 of the Dungeon
 15799 | D:10     | Reached ** piety under Elyvilon
 16282 | D:10     | Noticed Psyche
 16417 | D:10     | Killed Psyche
 16783 | D:10     | Found a staircase to the Lair.
 17093 | D:11     | Reached skill level 10 in Dodging
 17123 | D:11     | Found a staircase to the Orcish Mines.
 17259 | D:11     | Noticed a six-headed hydra
 17328 | D:11     | Noticed a manticore
 17333 | D:11     | Killed a manticore
 17344 | D:11     | Killed a six-headed hydra
 17434 | D:11     | Noticed a two-headed ogre
 17446 | D:11     | Killed a two-headed ogre
 17446 | D:11     | Reached XP level 12. HP: 84/84 MP: 13/15
 18033 | D:11     | Reached *** piety under Elyvilon
 18575 | Lair:1   | Entered Level 1 of the Lair of Beasts
 18904 | Lair:1   | Reached skill level 5 in Evocations
 18938 | Lair:1   | Reached skill level 5 in Long Blades
 19100 | Lair:1   | Reached **** piety under Elyvilon
 19161 | Lair:1   | You fall into a shaft and drop 1 floor!
 19163 | Lair:2   | Found a hole to the Spider Nest.
 19252 | Lair:1   | Noticed a five-headed hydra
 19267 | Lair:1   | Killed a five-headed hydra
 19267 | Lair:1   | Reached skill level 1 in Invocations
 19586 | Lair:2   | Reached skill level 11 in Dodging
 19773 | Lair:2   | Found a runed translucent door.
 19774 | Lair:2   | Noticed Suk Xiy's ghost (journeyman DrTm)
 19826 | Lair:2   | Noticed an eight-headed hydra
 19843 | Lair:2   | Killed an eight-headed hydra
 21000 | Lair:2   | Reached ***** piety under Elyvilon
 21581 | Lair:2   | Reached XP level 13. HP: 58/92 MP: 16/16
 21967 | Lair:3   | Noticed an eight-headed hydra
 21987 | Lair:3   | Killed an eight-headed hydra
 21987 | Lair:3   | Reached skill level 10 in Fighting
 22081 | Lair:3   | Reached skill level 5 in Invocations
 22588 | Lair:3   | Reached skill level 12 in Dodging
 22700 | Lair:3   | Found a staircase to the Shoals.
 23521 | Lair:4   | Noticed a six-headed hydra
 23528 | Lair:4   | Killed a six-headed hydra
 23792 | Lair:4   | Found the +10 Black Knight's horse barding {ponderous,
                  | rPois rN+}
 23867 | Lair:4   | Learned a level 2 spell: Shroud of Golubria
 25295 | Lair:4   | Found a large runed translucent door.
 25295 | Lair:4   | Found a large runed translucent door.
 25296 | Lair:4   | Noticed leeel's ghost (journeyman DsGl)
 25796 | Lair:4   | Reached skill level 1 in Charms
 25796 | Lair:4   | Reached XP level 14. HP: 99/99 MP: 19/19
 26333 | Lair:5   | Found a transporter.
 26339 | Lair:5   | Noticed Seryem5's ghost (journeyman GnWz)
 26383 | Lair:5   | Found a transporter.
 26852 | Lair:5   | Reached skill level 13 in Dodging
 27153 | Lair:5   | Reached ****** piety under Elyvilon
 27442 | Lair:6   | Entered Level 6 of the Lair of Beasts
 29235 | Lair:6   | Found a staircase to the Slime Pits.
 29236 | Lair:6   | Found a viscous altar of Jiyva.
 29376 | Lair:6   | Found a runed translucent door.
 29419 | Lair:6   | Reached skill level 5 in Charms
 31542 | Lair:6   | Reached XP level 15. HP: 90/106 MP: 21/21
 32458 | Lair:6   | Reached skill level 10 in Long Blades
 33669 | D:12     | Reached skill level 1 in Translocations
 34884 | D:13     | Found a gate to the Vaults.
 34915 | D:12     | Reached skill level 14 in Dodging
 35484 | D:13     | Reached skill level 10 in Invocations
 36540 | D:13     | Noticed a sphinx
 36554 | D:13     | Killed a sphinx
 37501 | D:13     | Noticed Azrael
 37557 | D:13     | Killed Azrael
 37557 | D:13     | Reached skill level 1 in Shields
 37557 | D:13     | Reached skill level 5 in Translocations
 38251 | D:13     | Got a blackened scale mail
 38677 | D:13     | Reached XP level 16. HP: 106/112 MP: 23/23
 38935 | D:13     | Identified the cursed +0 scale mail of Divine Intervention
                  | {rPois rN+} (You found it on level 13 of the Dungeon)
 38981 | D:13     | Learned a level 3 spell: Spectral Weapon
 39422 | D:14     | Got a faintly glowing robe
 39538 | D:14     | Reached skill level 1 in Hexes
 39767 | D:14     | Identified the cursed +0 robe of Apathy {rCorr Dex+5 SInv
                  | Stlth+} (You found it on level 14 of the Dungeon)
 39814 | D:15     | Entered Level 15 of the Dungeon
 39838 | D:15     | Noticed Rupert
 39877 | D:15     | Killed Rupert
 40439 | D:15     | Got a bloodstained robe
 40443 | D:15     | Got a transparent jade ring
 40542 | D:14     | Identified the ring "Muybusan" {+Fly rC+ Slay+3} (You found
                  | it on level 15 of the Dungeon)
 40553 | D:14     | Identified the +0 robe of the Volcano {*Slow rElec Regen+
                  | Int+7} (You found it on level 15 of the Dungeon)
 41337 | D:15     | Reached skill level 5 in Shields
 41775 | D:15     | Found a staircase to the Depths.
 41899 | D:15     | Found a runed translucent gate.
 41899 | D:15     | Noticed Afeceab's ghost (adept DEFE)
 41906 | D:15     | Found a runed translucent gate.
 42027 | D:15     | Found a runed translucent gate.
 42532 | D:15     | Killed Afeceab's ghost
 42663 | Orc:1    | Entered Level 1 of the Orcish Mines
 42669 | Orc:1    | Found a roughly hewn altar of Beogh.
 42889 | Orc:2    | Entered Level 2 of the Orcish Mines
 42955 | Orc:2    | Found a gate leading to a gauntlet.
 43049 | Orc:2    | Found Wihajaf's General Store.
 45387 | Orc:1    | Found Waclil's Magic Scroll Shoppe.
 45396 | Orc:1    | Bought a scroll of enchant weapon for 120 gold pieces
 45618 | Orc:2    | Found a staircase to the Elven Halls.
 45735 | Orc:2    | Found Nueck's Magic Scroll Shop.
 45931 | Orc:2    | Found Wakimiac's Food Boutique.
 46009 | Orc:2    | Reached skill level 5 in Hexes
 46869 | Orc:2    | Paralysed by an orc sorcerer for 7 turns
 46875 | Orc:2    | Killed from afar by an orc sorcerer

Levels and vault maps discovered:
D:1:      mainiacjoe_arrival_reflecting_pool, layout_loops_ring,
          corexii_item_surrounded_by_moat
D:2:      layout_basic, doesnt_xom_only_xom
D:3:      layout_loops_ring, uniq_jessica
D:4:      layout_loops_cross, temple_pool_b, first_ration, portal_sewer_entry_e,
          uniq_crazy_yiuf_cottage
D:5:      layout_rooms, marbit_many_paths, serial_rivers,
          chequers_serial_rivers_micro_a, chequers_serial_rivers_room_b,
          chequers_serial_rivers_micro_c, chequers_serial_rivers_micro_b,
          chequers_serial_rivers_room_b, serial_shops, shop, shop,
          shop_fountains, shop, nicolae_ossuary_entry_false_entrances,
          hangedman_decor_push
D:6:      lemuel_slime, layout_basic, uniq_eustachio
D:7:      layout_gridville, grunt_temple_overflow_cloverleaf, minivault_5
D:8:      layout_cave_pools, fedhas_bush_and_centaur_altar, grunt_pizzeria,
          uniq_harold
D:9:      layout_irregular_city, uniq_erica, uniq_erolcha
D:10:     layout_rooms, grunt_lair_entry_orc_guard_hut, uniq_psyche
D:11:     layout_irregular_city, zombieorc1_lemuel
D:12:     layout_layer_cave
D:13:     cross_vault, layout_cave_pods, lightli_vaults_fourway_checkpoint,
          skrybe_limestone_x, minmay_rotating_lava, uniq_azrael
D:14:     layout_big_octagon, chequers_serial_rivers_small_3
D:15:     hangedman_depths_entry_civil_slaughter, layout_irregular_city,
          hangedman_decor_peaks_small, ebering_ghost_rock_garden,
          minmay_misc_feat_cross, minmay_radiant, uniq_rupert
Lair:1:   layout_hall_layers
Lair:2:   layout_regular_city, spider_nest_entry_a, gammafunk_ghost_grave,
          st_stairs_5, chequers_serial_rivers_large_a,
          minmay_lair_oklob_chamber, infiniplex_staircase_pool,
          grunt_megastairs_5
Lair:3:   layout_cave_pods, shoals_dummy_entry, lemuel_fruit_fields
Lair:4:   layout_regular_city, ebering_ghost_disaster_area, fungi_pond_lemuel,
          lemuel_fruit_tree
Lair:5:   layout_hall_layers, gammafunk_ghost_berserking_beasts,
          infiniplex_staircase_pool_2
Lair:6:   hangedman_lair_caniforms_friends, layout_misc_corridors, wormcave,
          slime_altar_1
Orc:1:    layout_diamond_mine, basic_altar, serial_shops, shop_statue
Orc:2:    pf_orc_diabolical, layout_caves, serial_shops, shop,
          gauntlet_entry_generic

Skill      XL: |  1  2  3  4  5  6  7  8  9 10 11 12 13 14 15 16 |
---------------+-------------------------------------------------+-----
Fighting       | 2 3 4 5 6 7 8 9 10 11 | 11.0
Slings         | 6 7 8 9 10 12 | 12.1
Short Blades   | 1 2 3 4 5 7 9 |  9.8
Dodging        | 3 4 5 6 7 9 10 11 12 13 14 | 14.4
Long Blades    | 4 6 8 9 11 13 | 13.0
Evocations     | 4 5 |  5.0
Invocations    | 4 7 9 10 | 10.0
Charms         | 1 5 6 |  6.2
Translocations | 5 6 |  6.0
Shields        | 2 6 |  6.0
Hexes          | 5 |  5.5
Stealth        | |  1.1

Action                   |  1- 3 |  4- 6 |  7- 9 | 10-12 | 13-15 | 16-18 || total
-------------------------+-------+-------+-------+-------+-------+-------++-------
Melee: Short sword       |    93 |   100 |   183 |   115 |       |       ||   491
       Rapier            |       |       |   173 |       |       |       ||   173
       Scimitar          |       |       |       |   290 |   936 |   477 ||  1703
 Fire: Hunting sling     |    21 |    64 |   218 |   366 |   517 |   233 ||  1419
Throw: Dart              |       |    40 |   126 |    35 |    21 |     4 ||   226
       Stone             |       |       |     4 |     5 |       |       ||     9
 Cast: Shroud of Golubri |       |       |       |       |     3 |     2 ||     5
Invok: Lesser Healing    |       |       |       |     1 |     6 |       ||     7
       Greater Healing   |       |       |       |       |     9 |       ||     9
Evoke: Wand              |       |       |    19 |    32 |    29 |     6 ||    86
       Sack of spiders   |       |       |       |       |     2 |     1 ||     3
  Use: Scroll            |     2 |     2 |     7 |    11 |    10 |     8 ||    40
       Potion            |       |       |     5 |     3 |     4 |     5 ||    17
 Stab: Sleeping          |     2 |       |       |    12 |     2 |     2 ||    18
       Distracted        |       |       |     2 |     2 |     1 |       ||     5
       Paralysed         |       |       |       |     8 |       |       ||     8
       Invisible         |       |       |       |       |     3 |       ||     3
  Eat: Chunk             |     2 |    19 |    21 |    34 |    57 |    29 ||   162
       Ration            |       |       |       |     2 |       |       ||     2
Armor: Leather armour    |    23 |    25 |    59 |    18 |       |       ||   125
       Ring mail         |       |       |       |    10 |       |       ||    10
       Robe              |       |       |       |    46 |    97 |    41 ||   184
Dodge: Dodged            |    74 |   101 |   339 |   452 |  1071 |   391 ||  2428
Block: Buckler           |       |       |       |       |    21 |   168 ||   189
       Rpst.: Scimitar   |       |       |       |    91 |   264 |    81 ||   436
